 Dungeon Crawl Stone Soup version 0.27-a0-1196-g3e9cee4cb2 (webtiles) character file.

Game seed: 15161831527613794646

508 EnegeticOcto the Conjurer (level 6, -7/43 HPs)
             Began as a Mummy Conjurer on May 28, 2021.
             Was an Initiate of Ru.
             Mangled by Duvessa
             ... wielding a +5 rapier of holy wrath
              (12 damage)
             ... on level 4 of the Dungeon.
             The game lasted 00:09:49 (5691 turns).

EnegeticOcto the Conjurer (Mummy Conjurer)          Turns: 5691, Time: 00:09:49

Health: -7/43      AC:  5    Str: 10    XL:     6   Next: 98%
Magic:  7/12       EV: 15    Int: 20    God:    Ru [......]
Gold:   149        SH:  0    Dex: 10    Spells: 2/13 levels left

rFire    x . .     SeeInvis .   f - +0 spear
rCold    + . .     Faith    .   (no shield)
rNeg     + + +     Spirit   .   a - +0 robe
rPois    ∞         Reflect  .   j - +0 helmet
rElec    .         Harm     .   e - +1 cloak
rCorr    .         Rampage  .   (no gloves)
Will     .....                  (no boots)
Stlth    ++........             (no amulet)
HPRegen  0.14/turn              g - +4 ring of evasion
MPRegen  0.13/turn              (no ring)

@: no status effects
A: cold resistance 1, negative energy resistance 3, torment resistance 2, heat
vulnerability 1, no potions
a: Renounce Religion


You were on level 4 of the Dungeon.
You worshipped Ru.
Ru was noncommittal.
You visited 1 branch of the dungeon, and saw 4 of its levels.

You collected 149 gold pieces.

Inventory:

Hand Weapons
 c - a +0 dagger
   (You took it off a kobold on level 1 of the Dungeon)
 f - a +0 spear (weapon)
   (You took it off a gnoll on level 1 of the Dungeon)
Missiles
 d - 52 stones
 p - 18 poisoned darts (quivered)
Armour
 a - a +0 robe (worn)
 e - a +1 cloak (worn)
   (You found it on level 1 of the Dungeon)
 h - a +0 scale mail of willpower
   (You found it on level 2 of the Dungeon)
 i - a +2 plate armour of fire resistance
   (You found it on level 2 of the Dungeon)
 j - a +0 helmet (worn)
   (You found it on level 2 of the Dungeon)
 q - the +1 helmet of Hedge Wizardry {rF++ Int-5 SInv}
   (You found it on level 4 of the Dungeon)

   It affects your intelligence (-5).
   It greatly protects you from fire.
   It lets you see invisible.
Jewellery
 g - a +4 ring of evasion (left hand)
   (You found it on level 2 of the Dungeon)
Scrolls
 b - a scroll of identify {unknown}
 k - a scroll of vulnerability {unknown}
 l - a scroll of fear {unknown}
 m - a scroll of blinking {unknown}
 n - a scroll of teleportation {unknown}
 o - a scroll of summoning {unknown}


   Skills:
 + Level 1.4 Fighting
 - Level 1.5 Dodging
 - Level 3.0 Stealth
 + Level 4.0 Spellcasting
 - Level 6.0 Conjurations
 + Level 0.2 Hexes


You had 2 spell levels left.
You knew the following spells:

 Your Spells              Type           Power      Damage    Failure   Level
a - Magic Dart            Conj           100%       1d8       1%          1
b - Searing Ray           Conj           56%        3d5       1%          2
c - Fulminant Prism       Conj/Hex       8%         3d7       34%         4
d - Iskenderun's Mystic   Conj/Tloc      16%        2d5       36%         4

Your spell library contained the following spells:

 Spells                   Type           Power      Damage    Failure   Level
 Animate Skeleton         Necr           8%         N/A       13%         1
 Pain                     Necr           16%        1d4       13%         1
 Dazzling Flash           Conj/Hex       32%        N/A       11%         3
 Vampiric Draining        Necr           2%         2d6       36%         3
 Animate Dead             Necr           2%         N/A       77%         4
 Agony                    Necr           4%         N/A       98%         5


Dungeon Overview and Level Annotations

Branches:
Dungeon (4/15)
 Temple: D:4-7

Altars:
Ashenzari
Ru

Shops:
D:2 [

Annotations:
D:4 Duvessa


Innate Abilities, Weirdness & Mutations

You are immune to poison.
Your flesh is cold resistant. (rC+)
You are immune to negative energy. (rN+++)
You are immune to unholy pain and torment.
You are vulnerable to heat. (rF-)
You do not drink.


Message History

d - 52 stones (gained 1)
Things that are here:
a +0 whip; a kobold corpse
Found a stone staircase leading down.
What are your orders? t - Shout!
Orders for allies: a - Attack new target. r - Retreat! s - Stop attacking. g - Guard the area. f - Follow me.
Anything else - Cancel.
You shout for attention!
You start waiting.
Done waiting.
Natasha, Servant of Life and Death comes into view.
Casting: Magic Dart (safe; 1% risk of failure)
Confirm with . or Enter, or press ? or * to list all spells.
Aiming: Magic Dart (safe; 1% risk of failure)
Press: ? - help, Shift-Dir - straight line, f - Natasha
Aim: Natasha (wandering, hasn't noticed you, 100% to hit)
The magic dart hits Natasha.
Natasha is moderately wounded.
Natasha hisses angrily.
Casting: Magic Dart (safe; 1% risk of failure)
Confirm with . or Enter, or press ? or * to list all spells.
Aiming: Magic Dart (safe; 1% risk of failure)
Press: ? - help, Shift-Dir - straight line, f/p - Natasha
Aim: Natasha (moderately wounded, 100% to hit)
The magic dart hits Natasha.
Natasha is severely wounded.
Casting: Magic Dart (safe; 1% risk of failure)
Confirm with . or Enter, or press ? or * to list all spells.
Aiming: Magic Dart (safe; 1% risk of failure)
Press: ? - help, Shift-Dir - straight line, f/p - Natasha
Aim: Natasha (severely wounded, 100% to hit)
The magic dart hits Natasha but does no damage.
Natasha is severely wounded.
Casting: Magic Dart (safe; 1% risk of failure)
Confirm with . or Enter, or press ? or * to list all spells.
Aiming: Magic Dart (safe; 1% risk of failure)
Press: ? - help, Shift-Dir - straight line, f/p - Natasha
Aim: Natasha (severely wounded, 100% to hit)
The magic dart hits Natasha but does no damage.
Natasha is severely wounded.
Casting: Magic Dart (safe; 1% risk of failure)
Confirm with . or Enter, or press ? or * to list all spells.
Aiming: Magic Dart (safe; 1% risk of failure)
Press: ? - help, Shift-Dir - straight line, f/p - Natasha
Aim: Natasha (severely wounded, 100% to hit)
The magic dart hits Natasha.
You kill Natasha!
Natasha growls in agony!
You start resting.
Magic restored.
What are your orders? t - Shout!
Orders for allies: a - Attack new target. r - Retreat! s - Stop attacking. g - Guard the area. f - Follow me.
Anything else - Cancel.
You shout for attention!
You start waiting.
Duvessa, Sister of Dowan comes into view.
She is wielding a +5 rapier of holy wrath and carrying a wand of flame (20).
Okay, then.
Throw: 19 darts (poison)
Press: ? - help, Q - select action, (/) - cycle Shift-Dir - straight line, f - Duvessa
Aim: Duvessa, wielding a +5 rapier of holy wrath, wearing a +3 ring mail and carrying a wand of flame (20) (wandering, hasn't noticed you, 62% to hit)
You throw a poisoned dart.
The poisoned dart completely misses Duvessa.
Duvessa shouts!
Duvessa goes berserk!
Casting: Magic Dart (safe; 1% risk of failure)
Confirm with . or Enter, or press ? or * to list all spells.
Aiming: Searing Ray (safe; 1% risk of failure)
Press: ? - help, Shift-Dir - straight line, f - you, p - Duvessa
Okay, then.
Casting: Searing Ray (safe; 1% risk of failure)
Confirm with . or Enter, or press ? or * to list all spells.
Aiming: Magic Dart (safe; 1% risk of failure)
Press: ? - help, Shift-Dir - straight line, f/p - Duvessa
Aim: Duvessa, wielding a +5 rapier of holy wrath, wearing a +3 ring mail and carrying a wand of flame (20) (berserk, 100% to hit)
The magic dart hits Duvessa but does no damage.
Duvessa rages.
Casting: Magic Dart (safe; 1% risk of failure)
Confirm with . or Enter, or press ? or * to list all spells.
Aiming: Searing Ray (safe; 1% risk of failure)
Press: ? - help, Shift-Dir - straight line, f/p - Duvessa
Aim: Duvessa, wielding a +5 rapier of holy wrath, wearing a +3 ring mail and carrying a wand of flame (20) (berserk, 85% to hit)
The searing ray hits Duvessa.
Duvessa is lightly wounded. (Press . to maintain the ray.)
The searing ray hits Duvessa but does no damage.
Duvessa is lightly wounded.
The searing ray hits Duvessa.
Duvessa is lightly wounded.
Duvessa hits you with a +5 rapier of holy wrath!
You convulse.
Duvessa hits you with a +5 rapier of holy wrath!!
* * * LOW HITPOINT WARNING * * *
You convulse!
You die...

.# #............... ##
#..................
#..................
######.................(.......#
....##.........................#
....##.........................#
..............†................#
.................e.............
................@...÷.........
........#.......#.#...#..!.#
....# ###..#..#.#)#'#....# ....#
#.......#....!...#
....########.#..###..[..####
.............#..###..<..#
###.............)...###.#####
#†...........#............#
#............#............#


You could see Duvessa (berserk).

Vanquished Creatures
  A black bear (D:4)
  A necrophage (D:4)
  Dowan (D:4)
  A hound (D:4)
  Natasha (twice) (D:4)
  An iguana (D:4)
  2 adders
  8 gnolls
  An adder skeleton (D:4)
  A worm (D:2)
  6 orcs
  5 endoplasms
  5 giant cockroaches
  6 goblins
  3 hobgoblins
  2 jackals (D:3)
  3 quokkas
  7 ball pythons
  10 bats
  8 frilled lizards
  4 kobolds
  5 rats
83 creatures vanquished.

Vanquished Creatures (others)
  A withered plant (D:2)
1 creature vanquished.

Grand Total: 84 creatures vanquished

Notes
Turn   | Place    | Note
-------+----------+-------------------------------------------
     0 | D:1      | EnegeticOcto the Mummy Conjurer began the quest for the
                  | Orb.
     0 | D:1      | Reached XP level 1. HP: 13/13 MP: 4/4
     1 | D:1      | Noticed an iron dragon
     2 | D:1      | Noticed an orb of fire
     4 | D:1      | Noticed an ice dragon
     4 | D:1      | Noticed a shadow dragon
     6 | D:1      | Noticed a shadow dragon
     7 | D:1      | Noticed a tentacled monstrosity
     8 | D:1      | Noticed an orb of fire
     9 | D:1      | Noticed a black draconian
    11 | D:1      | Noticed an orb of fire
    11 | D:1      | Noticed a large abomination
    13 | D:1      | Noticed a shadow dragon
    13 | D:1      | Noticed an ice dragon
    15 | D:1      | Noticed a green draconian
    15 | D:1      | Noticed a large abomination
    15 | D:1      | Noticed an orb of fire
    17 | D:1      | Noticed a large abomination
    19 | D:1      | Noticed an orb of fire
    19 | D:1      | Noticed an ice dragon
   177 | D:1      | Reached skill level 2 in Stealth
   391 | D:1      | Reached XP level 2. HP: 19/19 MP: 0/5
   594 | D:1      | Learned a level 2 spell: Searing Ray
   600 | D:1      | Reached skill level 3 in Stealth
   739 | D:1      | Reached XP level 3. HP: 23/24 MP: 1/7
   958 | D:1      | Reached skill level 3 in Spellcasting
  2193 | D:2      | Reached skill level 4 in Spellcasting
  2553 | D:2      | Found Busm's Antique Armour Shoppe.
  2645 | D:2      | Reached XP level 4. HP: 30/30 MP: 8/10
  2869 | D:2      | Found a faded altar of an unknown god.
  3197 | D:3      | Found a broken altar of Ashenzari.
  3664 | D:3      | Found a sacrificial altar of Ru.
  3672 | D:3      | Became a worshipper of Ru the Awakened
  4056 | D:3      | Learned a level 4 spell: Fulminant Prism
  4061 | D:3      | Learned a level 4 spell: Iskenderun's Mystic Blast
  4142 | D:4      | Noticed Dowan
  4156 | D:4      | Noticed a black bear
  4255 | D:4      | Reached skill level 4 in Conjurations
  4802 | D:4      | Reached skill level 1 in Fighting
  4802 | D:4      | Reached XP level 5. HP: 37/37 MP: 4/11
  4913 | D:4      | Killed a black bear
  4917 | D:4      | Noticed a necrophage
  4929 | D:4      | Killed a necrophage
  4930 | D:4      | Reached skill level 5 in Conjurations
  4930 | D:4      | Reached XP level 6. HP: 39/43 MP: 0/12
  5037 | D:4      | Noticed Natasha
  5170 | D:4      | Identified the +1 helmet of Hedge Wizardry {rF++ Int-5
                  | SInv}
  5206 | D:4      | Killed Dowan
  5426 | D:4      | Killed Natasha
  5427 | D:4      | Reached skill level 6 in Conjurations
  5604 | D:4      | Noticed Natasha
  5609 | D:4      | Killed Natasha
  5686 | D:4      | Noticed Duvessa
  5691 | D:4      | Mangled by Duvessa

Illustrated notes

Levels and vault maps discovered:
D:1:      shiori_arrival_whats_in_store_for_you, layout_loops_corners,
          minmay_box_of_dots
D:2:      layout_basic, serial_shops, nicolae_shop_waterfront,
          ebering_ecumenical_altar_petrified, minmay_misc_feat_rows,
          minmay_misc_feat_x
D:3:      layout_loops_ring, nicolae_ru_path_of_blood,
          nicolae_ashenzari_skybound
D:4:      layout_basic, uniq_natasha, uniq_duvessa

Skill      XL: |  1  2  3  4  5  6 |
---------------+-------------------+-----
Stealth        | 2 3 |  3.0
Spellcasting   | 4 |  4.0
Conjurations   | 4 5 6 |  6.0
Fighting       | 1 |  1.4
Dodging        | |  1.5
Hexes          | |  0.2

Action                   |  1- 3 |  4- 6 || total
-------------------------+-------+-------++-------
Melee: Dagger            |     1 |       ||     1
       Spear             |       |     9 ||     9
Throw: Dart              |       |     5 ||     5
 Cast: Magic Dart        |    45 |    78 ||   123
       Searing Ray       |     5 |    21 ||    26
Armor: Robe              |       |     4 ||     4
Dodge: Dodged            |     5 |    13 ||    18

Table legend: (Time is in decaauts)
 A = Elapsed time spent in this place.
 B = Non-inter-level travel time spent in this place.
 C = Inter-level travel time spent in this place.
 D = Time resting spent in this place.
 E = Time spent auto-exploring this place.
 F = Levels seen in this place.
 G = Mean time per level.
                   A        B        C        D        E       F      G
               +--------+--------+--------+--------+--------+-----+--------+
         Total |   5708 |   5506 |    202 |   1595 |   3095 |   4 | 1427.0 |
       Dungeon |   5708 |   5506 |    202 |   1595 |   3095 |   4 | 1427.0 |
               +--------+--------+--------+--------+--------+-----+--------+

Top non-repeatable levels by time:
     D:1: 2185 daAuts
     D:3: 1312 daAuts
     D:4: 1284 daAuts
     D:2: 926 daAuts
